 Dungeon Crawl Stone Soup version 0.29.1-1-gd02db6906a (webtiles) character file.

Game seed: 1855943192684393136

115 gelatine the Stinger (level 4, -1/31 HPs)
             Began as a Demonspawn Venom Mage on Oct 6, 2022.
             Slain by a goblin
             ... wielding a +0 dagger
             ... led by Robin
              (3 damage)
             ... on level 4 of the Dungeon.
             The game lasted 00:10:05 (2973 turns).

gelatine the Stinger (Demonspawn Venom Mage)        Turns: 2973, Time: 00:10:05

Health: -1/31      AC:  5    Str:  8    XL:     4   Next: 68%
Magic:  6/7        EV: 17    Int: 18    God:
Gold:   249        SH:  4    Dex: 17    Spells: 2/8 levels left

rFire   . . .      SeeInvis .   v - +6 dagger "Xeohis" {venom, Will- rCorr Dex+3}
rCold   . . .      Faith    .   q - +0 buckler
rNeg    . . .      Spirit   .   a - +0 robe
rPois   .          Reflect  .   (helmet restricted)
rElec   .          Harm     .   (no cloak)
rCorr   +          Rampage  .   (no gloves)
Will    .....                   k - +2 pair of boots
Stlth   ++........              c - amulet of magic regeneration
HPRegen 0.10/turn               (no ring)
MPRegen 0.50/turn               (no ring)

@: agile
A: horns 1, powered by pain 1
a: no special abilities


You were on level 4 of the Dungeon.
You visited 1 branch of the dungeon, and saw 4 of its levels.

You collected 249 gold pieces.

Inventory:

Hand Weapons
 d - a +0 dagger
 s - a +0 rapier
 v - the +6 dagger "Xeohis" (weapon) {venom, Will- rCorr Dex+3}
   (You found it on level 4 of the Dungeon)

   It poisons the flesh of those it strikes.
   Dex:       It affects your dexterity (+3).
   rCorr:     It protects you from acid and corrosion.
   Will:      It decreases your willpower.
Armour
 a - a +0 robe (worn)
 k - a +2 pair of boots (worn)
 q - a +0 buckler (worn)
Jewellery
 c - an amulet of magic regeneration (around neck)
Wands
 f - a wand of polymorph (8)
 r - a wand of paralysis (10)
Scrolls
 e - a scroll of teleportation
 g - a scroll of immolation
 o - a scroll of enchant weapon
 u - a scroll of vulnerability
 w - a scroll of torment {unknown}
 x - a scroll of fear {unknown}
 y - a scroll of poison {unknown}
 A - a scroll of amnesia {unknown}
Potions
 b - a potion of magic
 h - a potion of lignification {unknown}
 i - 5 potions of curing {unknown}
 j - a potion of heal wounds {unknown}
 l - a potion of degeneration {unknown}
 m - a potion of haste {unknown}
 n - a potion of invisibility {unknown}
 p - a potion of attraction {unknown}
 t - 2 potions of brilliance {unknown}
 z - a potion of flight {unknown}


   Skills:
 * Level 0.6 Fighting
 + Level 0.1 Short Blades
 * Level 2.2 Dodging
 * Level 2.0 Stealth
 * Level 0.4 Shields
 + Level 2.5 Spellcasting
 * Level 0.4 Conjurations
 + Level 1.6 Transmutations
 * Level 0.6 Air Magic
 * Level 3.9 Poison Magic
 * Level 0.2 Evocations


You had 2 spell levels left.
You knew the following spells:

 Your Spells              Type           Power      Damage    Failure   Level
a - Sting                 Tmut/Pois      48%        1d5       8%          1
b - Poisonous Vapours     Pois/Air       20%        N/A       14%         2
c - Mephitic Cloud        Conj/Pois/Air  8%         N/A       34%         3

Your spell library contained the following spells:

 Spells                   Type           Power      Damage    Failure   Level
 Olgreb's Toxic Radiance  Pois           16%        N/A       43%         4


Dungeon Overview and Level Annotations

Branches:
Dungeon (4/15)
 Temple: D:4-7

Altars:
Qazlal
Sif Muna
Vehumet

Shops:
D:2 (

Annotations:
D:4 Robin


Innate Abilities, Weirdness & Mutations

You have a pair of small horns on your head.
You sometimes gain a little power by taking damage.


Message History

Robin throws the goblin at you! The goblin barely misses you.
You puncture the goblin!
You kill the goblin!
The sting misses the hobgoblin.
The sting hits Robin but does no damage.
Robin is poisoned.
The hobgoblin hits you but does no damage.
The sting hits the hobgoblin but does no damage.
The hobgoblin looks even sicker.
The hobgoblin is severely wounded.
You kill the hobgoblin!
Robin says, "Kneel, worm!"
Robin throws the goblin at you! The goblin misses you.
The sting hits the goblin.
The goblin is poisoned.
The goblin is heavily wounded.
The goblin shouts!
The goblin hits you but does no damage.
You hit the goblin.
You kill the goblin!
Robin zaps a wand.
The puff of flame hits you!
You barely miss Robin.
Robin is lightly wounded.
Robin throws the goblin at you! The goblin hits you but does no damage.
You are too injured to fight recklessly!
Unknown command.
You are too injured to fight recklessly!
You hit Robin. You headbutt Robin.
Robin is heavily wounded.
Robin hits you with a +2 whip of freezing.
Robin freezes you. The goblin hits you but does no damage.
You closely miss Robin.
Robin is severely wounded.
Robin zaps a wand.
The puff of flame hits you!
* * * LOW HITPOINT WARNING * * *
The goblin hits you but does no damage.
You closely miss Robin.
Robin is almost dead.
Robin looks more healthy.
The goblin barely misses you. The goblin hits you with a +0 dagger.
You die...

..# ######..# ### #.##
#########.# ###### ##......##.#
##...# ##.........## .....#
#..........# .....#
#.........##
....##############..........##
###............g@gg).....##..##
##.....############....####..##
##..##### ##..## ###.## ...##
##.)# ##.# ...# #..## ##. ...#
#.g# ## ..## #.....## ..#
#...ggg. ..## #.....g.g


You could see Robin and 2 goblins.

Vanquished Creatures
  An iguana (D:4)
  An adder (D:3)
  A dart slug (D:1)
  3 orcs (D:4)
  2 ball pythons
  4 bats (D:1)
  13 endoplasms
  2 giant cockroaches
  13 goblins
  7 hobgoblins
  5 quokkas
  5 kobolds
  7 rats
64 creatures vanquished.

Notes
Turn   | Place    | Note
-------+----------+-------------------------------------------
     0 | D:1      | gelatine the Demonspawn Venom Mage began the quest for the
                  | Orb.
     0 | D:1      | Reached XP level 1. HP: 13/13 MP: 3/3
   249 | D:1      | Reached skill level 1 in Transmutations
   324 | D:1      | Gained mutation: You have a pair of small horns on your
                  | head. [demonic ancestry]
   324 | D:1      | Reached XP level 2. HP: 19/19 MP: 3/5
   770 | D:1      | Gained mutation: You sometimes gain a little power by
                  | taking damage. [demonic ancestry]
   770 | D:1      | Reached XP level 3. HP: 10/24 MP: 3/6
  1068 | D:1      | Found a faded altar of an unknown god.
  1256 | D:2      | Found Zauf Zycs's Weapon Shop.
  1593 | D:2      | Learned a level 2 spell: Poisonous Vapours
  1597 | D:2      | Learned a level 3 spell: Mephitic Cloud
  1672 | D:3      | You fall into a shaft and drop 1 floor!
  2349 | D:4      | Found a stormy altar of Qazlal.
  2352 | D:4      | Found a shimmering blue altar of Sif Muna.
  2353 | D:4      | Identified the +6 dagger "Xeohis" {venom, Will- rCorr
                  | Dex+3}
  2355 | D:4      | Found a radiant altar of Vehumet.
  2514 | D:4      | Reached XP level 4. HP: 31/31 MP: 4/7
  2947 | D:4      | Noticed Robin
  2973 | D:4      | Slain by a goblin

Illustrated notes

Levels and vault maps discovered:
D:1:      dpeg_arrival_fog, layout_basic, shapermc_ecumenical_altar_notcrosses
D:2:      layout_rooms, serial_shops, nicolae_shop_trees
D:3:      layout_basic
D:4:      layout_cave_pods, nicolae_overflow_hidden_temple,
          hangedman_decor_peaks_small, uniq_robin

Skill      XL: |  1  2  3  4 |
---------------+-------------+-----
Transmutations | 1 |  1.6
Dodging        | 2 |  2.2
Stealth        | 2 |  2.0
Fighting       | |  0.6
Short Blades   | |  0.1
Shields        | |  0.4
Spellcasting   | |  2.5
Conjurations   | |  0.4
Air Magic      | |  0.6
Poison Magic   | |  3.9
Evocations     | |  0.2

Action                   |  1- 3 |  4- 6 || total
-------------------------+-------+-------++-------
Melee: Unarmed           |     8 |       ||     8
       Dagger            |    11 |    15 ||    26
       Headbutt          |     2 |     1 ||     3
 Cast: Sting             |   101 |    17 ||   118
       Poisonous Vapours |       |     5 ||     5
       Mephitic Cloud    |       |     2 ||     2
  Use: Scroll            |     3 |     3 ||     6
Armor: Robe              |    14 |     9 ||    23
Dodge: Dodged            |    33 |    11 ||    44
Block: Buckler           |     2 |     2 ||     4
